 Dungeon Crawl Stone Soup version 0.21-a0-349-g0c35859 (webtiles) character file.

829 tidbits the Charmwright (level 7, 0/56 HPs)
             Began as a Gnoll Skald on Oct 8, 2017.
             Slain by an orc warrior
             ... wielding the +9 mace "Rubrif" {vamp, *Corrode rPois rF+ rN+}
              (8 damage)
             ... on level 6 of the Dungeon.
             The game lasted 00:13:42 (1672 turns).

tidbits the Charmwright (Gnoll Skald)               Turns: 1672, Time: 00:13:42

Health: 0/56       AC:  5    Str: 13    XL:     7   Next: 97%
Magic:  11/15      EV: 13    Int: 18    God:
Gold:   244        SH:  0    Dex: 14    Spells: 6/17 levels left

rFire    . . .     SeeInvis .   t - +3 quarterstaff
rCold    . . .     Gourm    .   (shield currently unavailable)
rNeg     . . .     Faith    .   B - +0 ring mail
rPois    .         Spirit   .   (no helmet)
rElec    .         Reflect  .   (no cloak)
rCorr    .         Harm     .   (no gloves)
MR       .....                  (no boots)
Stlth    ++........             (no amulet)
HPRegen  0.18/turn              m - ring of wizardry
MPRegen  0.14/turn              (no ring)

@: no status effects
A: distributed training, fangs 1, strong nose
a: no special abilities


You were on level 6 of the Dungeon.
You were very hungry.

You visited 1 branch of the dungeon, and saw 6 of its levels.
You also visited: Sewer.

You collected 244 gold pieces.

Inventory:

Hand Weapons
 a - a +0 hand axe
 e - a +0 dagger of venom
   (You took it off an orc on level 3 of the Dungeon)
 f - a +0 blowgun
 g - a +1 dagger of protection
   (You took it off a goblin on level 1 of the Dungeon)
 n - a +0 flail
 t - a +3 quarterstaff (weapon)
 C - a +2 long sword of holy wrath
   (You took it off an orc on level 4 of the Dungeon)
 D - a +0 war axe
 G - a +0 trident of freezing
   (You found it on level 5 of the Dungeon)
Missiles
 j - 4 needles of confusion
 l - 9 poisoned needles
 p - a tomahawk (quivered)
 q - 91 arrows
 v - a throwing net {!f}
Armour
 b - a +0 leather armour
 z - a +0 buckler
 B - a +0 ring mail (worn)
Jewellery
 k - an uncursed ring of ice
   (You found it on level 3 of the Dungeon)
 m - a ring of wizardry (left hand)
   (You found it on level 3 of the Dungeon)
Wands
 o - a wand of random effects (15/48)
 L - a wand of scattershot (5/9)
Scrolls
 i - 2 scrolls of random uselessness {unknown}
 r - 6 scrolls of identify {unknown}
 s - a scroll of noise {unknown}
 w - a scroll of immolation {unknown}
 x - a scroll of fear {unknown}
 y - 2 scrolls of blinking {unknown}
 I - 2 scrolls of remove curse {unknown}
 J - a scroll of recharging {unknown}
Potions
 u - a potion of resistance {unknown}
 A - a potion of flight {unknown}
 E - a potion of heal wounds
 H - a potion of haste {unknown}
Books
 c - a book of Battle

   Spells                             Type                      Level
   a - Infusion                       Charms                       1
   b - Shroud of Golubria             Charms/Translocation         2
   c - Song of Slaying                Charms                       2
   d - Spectral Weapon                Hexes/Charms                 3
   e - Regeneration                   Charms/Necromancy            3
Comestibles
 d - 3 bread rations
 h - 6 fruits
 F - a meat ration
 K - 3 chunks of flesh


   Skills:
 + Level 5.4 Fighting
 + Level 2.7 Short Blades
 + Level 2.7 Long Blades
 + Level 5.4 Axes
 + Level 2.7 Maces & Flails
 + Level 2.7 Polearms
 + Level 2.7 Staves
 + Level 2.7 Slings
 + Level 2.7 Bows
 + Level 2.7 Crossbows
 + Level 2.7 Throwing
 + Level 3.8 Armour
 + Level 5.4 Dodging
 + Level 2.7 Stealth
 + Level 2.7 Shields
 + Level 2.7 Unarmed Combat
 + Level 5.7 Spellcasting
 + Level 2.7 Conjurations
 + Level 2.7 Hexes
 + Level 7.1 Charms
 + Level 2.7 Summonings
 + Level 2.7 Necromancy
 + Level 2.7 Translocations
 + Level 2.7 Transmutations
 + Level 2.7 Fire Magic
 + Level 2.7 Ice Magic
 + Level 2.7 Air Magic
 + Level 2.7 Earth Magic
 + Level 2.7 Poison Magic
 + Level 2.7 Invocations
 + Level 2.7 Evocations


You had 6 spell levels left.
You knew the following spells:

 Your Spells              Type           Power        Failure   Level  Hunger
g - Shroud of Golubria    Chrm/Tloc      ###.......   1%          2    None
i - Infusion              Chrm           ####         1%          1    None
r - Regeneration          Chrm/Necr      ###.......   4%          3    ##.....
w - Spectral Weapon       Hex/Chrm       ###.....     4%          3    ##.....
y - Song of Slaying       Chrm           ####....     1%          2    None


Dungeon Overview and Level Annotations

Branches:
Dungeon (6/15)
 Temple: D:4-7

Altars:
Ru
Wu Jian

Shops:
D:4 }


Innate Abilities, Weirdness & Mutations

Your experience applies equally to all skills.
You have very sharp teeth.
Your uncanny sense of smell can sniff out nearby items.


Message History

The slave closely misses your spectral weapon.
The slave hits you but does no damage.
You hit the slave.
You kill the slave!
That felt strangely unrewarding.
The slave barely misses your spectral weapon.
You swap places.
The slave hits you.
* * * LOW HITPOINT WARNING * * *
You hit the slave.
The slave is lightly wounded.
Your spectral weapon hits the slave!!
The slave closely misses you.
You sock the slave!
You kill the slave!
That felt strangely unrewarding.
You sock the quokka!
You kill the quokka!
Your skin is crawling a little less now.
You swap places.
Things that are here:
an animal skin; a human corpse
Casting: Regeneration
Confirm with . or Enter, or press ? or * to list all spells.
Your skin crawls.
You butcher the human corpse.
K - 3 chunks of flesh
Things that are here:
an animal skin; a human skeleton Your spectral weapon fades away.
You see here an animal skin.
q - 91 arrows (gained 1)
Found a curved smoking staff.
r - 6 scrolls labeled GOM YJ YFFEIR (gained 1)
Your skin is crawling a little less now.
An orc warrior comes into view. It is wielding a dazzling mace {vamp}.
Found 15 gold pieces.
You see here a wand of scattershot (?/9).
L - a wand of scattershot (?/9)
The orc warrior shouts!
You hear a shout! x2
Casting: Regeneration
Confirm with . or Enter, or press ? or * to list all spells.
You draw out your weapon's spirit!
You are feeling very hungry.
You hear a shout! x2
You sock the orc warrior!
The orc warrior is moderately wounded.
Your skin stops crawling.
Your spectral weapon hits the orc warrior!
The orc warrior hits you with a dazzling mace {vamp}!!
You closely miss the orc warrior.
The orc warrior is severely wounded.
Your spectral weapon closely misses the orc warrior.
The orc warrior hits you with a dazzling mace {vamp}!
* * * LOW HITPOINT WARNING * * *
The orc warrior draws strength from your wounds!
You hit the orc warrior.
The orc warrior is heavily wounded.
Your spectral weapon hits the orc warrior!
The orc warrior hits you with a dazzling mace {vamp}!
* * * LOW HITPOINT WARNING * * *
The orc warrior draws strength from your wounds!
You hit the orc warrior.
The orc warrior is heavily wounded.
Your spectral weapon misses the orc warrior.
The orc warrior misses you.
A bullfrog comes into view.
You closely miss the orc warrior.
The orc warrior is heavily wounded.
The bullfrog gives a loud, deep croak!
Your spectral weapon closely misses the orc warrior.
The orc warrior hits you with a dazzling mace {vamp}!
* * * LOW HITPOINT WARNING * * *
The orc warrior draws strength from your wounds!
You completely miss the orc warrior.
You bite the orc warrior, but do no damage.
The orc warrior is moderately wounded.
Your spectral weapon hits the orc warrior.
The orc warrior completely misses your spectral weapon.
A hound comes into view.
It was a potion of heal wounds.
You feel much better.
The hound barks!
The orc warrior completely misses your spectral weapon.
You hit the orc warrior.
The orc warrior is heavily wounded.
Your spectral weapon hits the orc warrior.
The bullfrog barely misses your spectral weapon.
The bullfrog hits your spectral weapon.
Your spectral weapon shares its damage with you!
* * * LOW HITPOINT WARNING * * *
The orc warrior hits you with a dazzling mace {vamp}!
* * * LOW HITPOINT WARNING * * *
A giant cockroach zombie comes into view.
The giant cockroach zombie waves its antennae.
A jelly and a zombie come into view.
You hit the orc warrior but do no damage.
Your bite misses the orc warrior.
The orc warrior is severely wounded.
Your spectral weapon hits the orc warrior.
The bullfrog hits your spectral weapon but does no damage.
The orc warrior hits you with a dazzling mace {vamp}!
You die...
JZ

Z# ##.#∆ #... ..p
#..[ #Fh∆ #
#..###.#(###.#
##......#o.|..#
#....#...@.#
?####....#.###.#∆###.
......)..#.....#.....
#.†...#.....#
##(...#.###.#
##(..#.....# # #.
##.....#....... #.
##....#.###.. ∆#.
#....#......


You could see an orc warrior, a slave, a bullfrog, a hound, a jelly, an adder
zombie, a giant cockroach zombie and a friendly spectral enchanted quarterstaff.

Vanquished Creatures
  2 slaves (D:6)
  A sky beast (D:5)
  2 centaurs
  4 bullfrogs
  A crimson imp (D:5)
  A bullfrog zombie (D:5)
  A centaur skeleton (D:4)
  An orc wizard (D:3)
  A hound skeleton (D:4)
  9 adders
  A river rat (D:3)
  A shadow imp (D:5)
  A dart slug (D:1)
  6 leopard geckos
  8 orcs
  8 giant cockroaches
  8 goblins
  5 hobgoblins
  4 jackals (D:2)
  2 kobolds (D:3)
  3 quokkas
  7 ball pythons
  7 bats
  6 frilled lizards
  3 rats
93 creatures vanquished.

Notes
Turn   | Place    | Note
-------+----------+-------------------------------------------
     0 | D:1      | tidbits the Gnoll Skald began the quest for the Orb.
     0 | D:1      | Reached XP level 1. HP: 20/20 MP: 6/6
    97 | D:1      | Reached XP level 2. HP: 22/26 MP: 4/7
   119 | D:1      | Learned a level 2 spell: Song of Slaying
   122 | D:1      | Learned a level 2 spell: Shroud of Golubria
   240 | D:2      | Reached XP level 3. HP: 31/31 MP: 3/9
   245 | D:2      | Learned a level 3 spell: Regeneration
   249 | D:2      | Learned a level 3 spell: Spectral Weapon
   261 | D:2      | Reached skill level 5 in Spellcasting
   365 | D:3      | Reached skill level 1 in Short Blades
   365 | D:3      | Reached skill level 1 in Long Blades
   365 | D:3      | Reached skill level 1 in Maces & Flails
   365 | D:3      | Reached skill level 1 in Polearms
   365 | D:3      | Reached skill level 1 in Staves
   365 | D:3      | Reached skill level 1 in Slings
   365 | D:3      | Reached skill level 1 in Bows
   365 | D:3      | Reached skill level 1 in Crossbows
   365 | D:3      | Reached skill level 1 in Throwing
   365 | D:3      | Reached skill level 1 in Stealth
   365 | D:3      | Reached skill level 1 in Shields
   365 | D:3      | Reached skill level 1 in Unarmed Combat
   365 | D:3      | Reached skill level 1 in Conjurations
   365 | D:3      | Reached skill level 1 in Hexes
   365 | D:3      | Reached skill level 1 in Summonings
   365 | D:3      | Reached skill level 1 in Necromancy
   365 | D:3      | Reached skill level 1 in Translocations
   365 | D:3      | Reached skill level 1 in Transmutations
   365 | D:3      | Reached skill level 1 in Fire Magic
   365 | D:3      | Reached skill level 1 in Ice Magic
   365 | D:3      | Reached skill level 1 in Air Magic
   365 | D:3      | Reached skill level 1 in Earth Magic
   365 | D:3      | Reached skill level 1 in Poison Magic
   365 | D:3      | Reached skill level 1 in Invocations
   365 | D:3      | Reached skill level 1 in Evocations
   428 | D:3      | Reached XP level 4. HP: 8/38 MP: 0/11
   618 | D:3      | Found a sacrificial altar of Ru.
   701 | D:3      | Reached XP level 5. HP: 29/43 MP: 8/12
   731 | D:3      | Found a glowing drain.
   742 | Sewer    | Entered a sewer
   833 | Sewer    | Reached skill level 3 in Armour
   932 | Sewer    | Reached XP level 6. HP: 36/50 MP: 6/13
   939 | Sewer    | Reached skill level 5 in Fighting
   939 | Sewer    | Reached skill level 2 in Short Blades
   939 | Sewer    | Reached skill level 2 in Long Blades
   939 | Sewer    | Reached skill level 5 in Axes
   939 | Sewer    | Reached skill level 2 in Maces & Flails
   939 | Sewer    | Reached skill level 2 in Polearms
   939 | Sewer    | Reached skill level 2 in Staves
   939 | Sewer    | Reached skill level 2 in Slings
   939 | Sewer    | Reached skill level 2 in Bows
   939 | Sewer    | Reached skill level 2 in Crossbows
   939 | Sewer    | Reached skill level 2 in Throwing
   939 | Sewer    | Reached skill level 5 in Dodging
   939 | Sewer    | Reached skill level 2 in Stealth
   939 | Sewer    | Reached skill level 2 in Shields
   939 | Sewer    | Reached skill level 2 in Unarmed Combat
   939 | Sewer    | Reached skill level 2 in Conjurations
   939 | Sewer    | Reached skill level 2 in Hexes
   939 | Sewer    | Reached skill level 2 in Summonings
   939 | Sewer    | Reached skill level 2 in Necromancy
   939 | Sewer    | Reached skill level 2 in Translocations
   939 | Sewer    | Reached skill level 2 in Transmutations
   939 | Sewer    | Reached skill level 2 in Fire Magic
   939 | Sewer    | Reached skill level 2 in Ice Magic
   939 | Sewer    | Reached skill level 2 in Air Magic
   939 | Sewer    | Reached skill level 2 in Earth Magic
   939 | Sewer    | Reached skill level 2 in Poison Magic
   939 | Sewer    | Reached skill level 2 in Invocations
   939 | Sewer    | Reached skill level 2 in Evocations
  1062 | D:5      | Entered Level 5 of the Dungeon
  1138 | D:5      | Reached XP level 7. HP: 25/56 MP: 12/15
  1240 | D:5      | Reached skill level 7 in Charms
  1344 | D:5      | Found an ornate altar of the Wu Jian Council.
  1414 | D:4      | Found Figok's Gadget Boutique.
  1672 | D:6      | Identified the +9 mace "Rubrif" {vamp, *Corrode rPois rF+ rN+}
  1672 | D:6      | Slain by an orc warrior

Vault maps used:
D:1:      dpeg_arrival_concentric_ovals
D:2:      minmay_lizard_king
D:3:      nicolae_ru_great_annihilating_truth, gup_sewer_entry_bubbles,
          glass_columns_a
D:4:      kennysheep_spiral_hall, first_bread, serial_shops, shop
D:5:      lemuel_coloured_pillars_altar, minivault_1
D:6:      hangedman_cross_stitches, uniq_pikel
Sewer:    sewer_frog_island_01

Skill      XL: |  1  2  3  4  5  6  7 |
---------------+----------------------+-----
Spellcasting   | 5 |  5.7
Short Blades   | 1 2 |  2.7
Long Blades    | 1 2 |  2.7
Maces & Flails | 1 2 |  2.7
Polearms       | 1 2 |  2.7
Staves         | 1 2 |  2.7
Slings         | 1 2 |  2.7
Bows           | 1 2 |  2.7
Crossbows      | 1 2 |  2.7
Throwing       | 1 2 |  2.7
Stealth        | 1 2 |  2.7
Shields        | 1 2 |  2.7
Unarmed Combat | 1 2 |  2.7
Conjurations   | 1 2 |  2.7
Hexes          | 1 2 |  2.7
Summonings     | 1 2 |  2.7
Necromancy     | 1 2 |  2.7
Translocations | 1 2 |  2.7
Transmutations | 1 2 |  2.7
Fire Magic     | 1 2 |  2.7
Ice Magic      | 1 2 |  2.7
Air Magic      | 1 2 |  2.7
Earth Magic    | 1 2 |  2.7
Poison Magic   | 1 2 |  2.7
Invocations    | 1 2 |  2.7
Evocations     | 1 2 |  2.7
Armour         | 3 |  3.8
Fighting       | 5 |  5.4
Axes           | 5 |  5.4
Dodging        | 5 |  5.4
Charms         | 7 |  7.1

Action                   |  1- 3 |  4- 6 |  7- 9 || total
-------------------------+-------+-------+-------++-------
Melee: Hand axe          |    70 |    69 |       ||   139
       Bite              |     5 |     7 |     5 ||    17
       Quarterstaff      |       |    37 |    38 ||    75
 Cast: Infusion          |    10 |     2 |       ||    12
       Spectral Weapon   |       |    14 |     8 ||    22
       Regeneration      |       |     2 |     4 ||     6
       Song of Slaying   |       |     1 |       ||     1
  Use: Potion            |     2 |     1 |     1 ||     4
 Stab: Paralysed         |       |     1 |       ||     1
  Eat: Chunk             |       |     2 |     2 ||     4
Armor: Leather armour    |     4 |       |       ||     4
       Ring mail         |    10 |    26 |    13 ||    49
Dodge: Dodged            |    48 |    83 |    28 ||   159

Table legend:
 A = Spawn XP
 B = Non-spawn XP
 C = Spawn XP percentage of total XP
 D = Spawn monster count
 E = Non-spawn monster count
 F = Spawn count percentage of total count
 G = Total turns spent on level
                    A         B        C        D         E        F      G
               +---------+---------+-------+---------+---------+-------+---------
         Total |       0 |    1185 |   0.0 |       0 |      91 |   0.0 |  1672
               +---------+---------+-------+---------+---------+-------+---------
           D:1 |       0 |      28 |   0.0 |       0 |      15 |   0.0 |   204
           D:2 |       0 |      27 |   0.0 |       0 |      15 |   0.0 |   160
           D:3 |       0 |     143 |   0.0 |       0 |      24 |   0.0 |   405
           D:4 |       0 |      79 |   0.0 |       0 |       5 |   0.0 |   206
           D:5 |       0 |     437 |   0.0 |       0 |       8 |   0.0 |   366
           D:6 |       0 |     202 |   0.0 |       0 |       3 |   0.0 |    98
         Sewer |       0 |     269 |   0.0 |       0 |      21 |   0.0 |   233
               +---------+---------+-------+---------+---------+-------+---------

Table legend:
 A = Turns spent in this place as a percentage of turns spent in the entire game.
 B = Non-inter-level travel turns spent in this place as a percentage of non-inter-level travel turns spent in the entire game.
 C = Inter-level travel turns spent in this place as a percentage of turns spent in this place.
 D = Turns resting spent in this place as a percentage of non-inter-level travel turns spent in this place.
 E = Turns spent auto-exploring this place as a percentage of non-inter-level travel turns spent in this place.
 F = Non-inter-level travel turns spent in this place divided by the number of levels of this place that you've seen.
                   A       B       C       D       E      F
               +-------+-------+-------+-------+-------+----------------------
         Total | 100.0 | 100.0 |   1.6 |   0.0 |   0.0 | 235.1
       Dungeon |  86.1 |  85.8 |   1.8 |   0.0 |   0.0 | 235.5
         Sewer |  13.9 |  14.2 |   0.0 |   0.0 |   0.0 | 233.0
               +-------+-------+-------+-------+-------+----------------------

Table legend:
 A = Kills in this place as a percentage of kills in entire the game.
 B = Kills by you in this place as a percentage of kills by you in the entire game.
 C = Kills by friends in this place as a percentage of kills by friends in the entire game.
 D = Other kills in this place as a percentage of other kills in the entire game.
 E = Experience gained in this place as a percentage of experience gained in the entire game.
 F = Experience gained in this place divided by the number of levels of this place that you have seen.
                   A       B       C       D       E      F
               +-------+-------+-------+-------+-------+----------------------
         Total | 100.0 | 100.0 |   N/A |   N/A | 100.0 | 169.3
       Dungeon |  76.9 |  76.9 |   N/A |   N/A |  77.3 | 152.7
         Sewer |  23.1 |  23.1 |   N/A |   N/A |  22.7 | 269.0
               +-------+-------+-------+-------+-------+----------------------

Vault maps used:
D:1:      dpeg_arrival_concentric_ovals
D:2:      minmay_lizard_king
D:3:      nicolae_ru_great_annihilating_truth, gup_sewer_entry_bubbles,
          glass_columns_a
D:4:      kennysheep_spiral_hall, first_bread, serial_shops, shop
D:5:      lemuel_coloured_pillars_altar, minivault_1
D:6:      hangedman_cross_stitches, uniq_pikel
Sewer:    sewer_frog_island_01
